[Event "Eurasia Open Cup 2018"]
[Site "Jekaterienburg"]
[Date "2018.08.04"]
[Round "4"]
[White "Kryakvin, Dmitry"]
[Black "Kozionov, Kirill"]
[Result "1-0"]
[ECO "D27"]
[WhiteElo "2591"]
[BlackElo "2461"]
[Annotator "ChessBase"]
[PlyCount "81"]
[EventDate "2018.08.01"]
[EventType "swiss"]
[EventCountry "RUS"]
[SourceTitle "playchess.com"]
[Source "ChessBase"]
[SourceQuality "1"]
[TimeControl "5400+30"]

1. d4 d5 2. c4 dxc4 3. e3 Nf6 4. Bxc4 e6 5. Nf3 c5 6. O-O a6 7. b3 cxd4 8. Nxd4 Bd7 9. Bb2 Nc6 10. Nd2 Be7 11. Be2 O-O 12. Rc1 Nxd4 13. Bxd4 Bc6 14. Nc4 Nd5 15. Qd2 Bf6 16. Rfd1 Bxd4 17. Qxd4 Qe7 18. Na5 Rfc8 19. Nxc6 Rxc6 20. Rxc6 bxc6 21. Qc4 Qb7 22. Rc1 Ne7 23. h4 Qb6 24. h5 h6 25. Qc5 Qxc5 26. Rxc5 a5 27. Bf3 Ra6 28. Rc4 Nd5 29. Be2 Kf8 30. Kf1 Ra8 31. e4 Nf6 32. Ke1 Ke7 33. Rxc6 Ra7 34. Rc4 Nd7 35. Kd2 Kd6 36. Ke3 e5 37. Rc8 Nc5 38. Bc4 Ne6 39. Bxe6 Kxe6 40. Rc6+ Kd7 41. Rc4 1-0

[Event "Eurasia Open Cup 2018"]
[Site "Jekaterienburg"]
[Date "2018.08.04"]
[Round "4"]
[White "Chigaev, Maksim"]
[Black "Kabanov, Nikolai"]
[Result "1/2-1/2"]
[ECO "A08"]
[WhiteElo "2577"]
[BlackElo "2475"]
[Annotator "ChessBase"]
[PlyCount "133"]
[EventDate "2018.08.01"]
[EventType "swiss"]
[EventCountry "RUS"]
[SourceTitle "playchess.com"]
[Source "ChessBase"]
[SourceQuality "1"]
[TimeControl "5400+30"]

1. e4 c5 2. Nf3 e6 3. d3 d5 4. Nbd2 Nc6 5. g3 g6 6. Bg2 Bg7 7. O-O Nge7 8. Re1 b6 9. c3 a5 10. a4 Ba6 11. exd5 exd5 12. Nb3 O-O 13. d4 c4 14. Nbd2 Nf5 15. Nf1 Ra7 16. Bf4 Bc8 17. b3 cxb3 18. Qxb3 Ba6 19. Ne5 Nxe5 20. Bxe5 Bc4 21. Qb2 Re8 22. Nd2 Bd3 23. Qb3 Rd7 24. Bxg7 Nxg7 25. Rxe8+ Nxe8 26. Nf3 Bc4 27. Qb2 Rd6 28. Ne5 Ba6 29. Re1 Nf6 30. Qc1 Nd7 31. Ng4 h5 32. Qf4 Nf6 33. Ne5 b5 34. axb5 Bxb5 35. h3 Be8 36. g4 a4 37. g5 Ne4 38. c4 Nxg5 39. cxd5 Rxd5 40. Nxg6 Rxd4 41. Rxe8+ Qxe8 42. Qxd4 fxg6 43. Qf6 Qe1+ 44. Kh2 Qa5 45. Qxg6+ Kf8 46. Qd6+ Kg7 47. Bd5 Qc3 48. Qe7+ Kh6 49. Qf8+ Qg7 50. Qf4 Qc3 51. h4 Qh3+ 52. Kg1 Qg4+ 53. Qxg4 hxg4 54. hxg5+ Kxg5 55. Kg2 Kf4 56. Ba2 a3 57. Bb1 Kg5 58. Kg3 Kh5 59. Kf4 Kh4 60. Ba2 Kh3 61. Bd5 Kh4 62. Be6 Kh3 63. Bd5 Kh4 64. Be6 Kh3 65. Bxg4+ Kg2 66. Be6 Kxf2 67. Ke4 1/2-1/2

[Event "Eurasia Open Cup 2018"]
[Site "Jekaterienburg"]
[Date "2018.08.04"]
[Round "4"]
[White "Pridorozhni, Aleksei"]
[Black "Sarana, Alexey"]
[Result "1/2-1/2"]
[ECO "B23"]
[WhiteElo "2564"]
[BlackElo "2613"]
[Annotator "ChessBase"]
[PlyCount "73"]
[EventDate "2018.08.01"]
[EventType "swiss"]
[EventCountry "RUS"]
[SourceTitle "playchess.com"]
[Source "ChessBase"]
[SourceQuality "1"]
[TimeControl "5400+30"]

1. e4 c5 2. Nc3 d6 3. d4 cxd4 4. Qxd4 Nc6 5. Qd2 g6 6. b3 Bh6 7. f4 Nf6 8. Bb2 a5 9. a4 O-O 10. O-O-O e5 11. g3 Qb6 12. Kb1 Be6 13. Nf3 Rfd8 14. Ng5 Bxg5 15. fxg5 Ng4 16. Nd5 Bxd5 17. exd5 Nb4 18. Rc1 Nf2 19. Rg1 Ne4 20. Qg2 Nxg5 21. Bc4 Qe3 22. Rce1 Qf3 23. h4 Qxg2 24. Rxg2 Nf3 25. Re3 Nd4 26. Bxd4 exd4 27. Re4 Re8 28. Rxd4 Re3 29. Kb2 h5 30. c3 Na6 31. Bxa6 Rxa6 32. Rc4 Kf8 33. Rc8+ Re8 34. Rc7 Re7 35. Rc8+ Re8 36. Rc7 Re7 37. Rc8+ 1/2-1/2

[Event "Eurasia Open Cup 2018"]
[Site "Jekaterienburg"]
[Date "2018.08.04"]
[Round "4"]
[White "Bocharov, Ivan"]
[Black "Rozum, Ivan"]
[Result "1-0"]
[ECO "B12"]
[WhiteElo "2552"]
[BlackElo "2581"]
[Annotator "ChessBase"]
[PlyCount "87"]
[EventDate "2018.08.01"]
[EventType "swiss"]
[EventCountry "RUS"]
[SourceTitle "playchess.com"]
[Source "ChessBase"]
[SourceQuality "1"]
[TimeControl "5400+30"]

1. e4 c6 2. d4 d5 3. e5 Bf5 4. Nf3 e6 5. Be2 Ne7 6. O-O Nc8 7. b3 Be7 8. c4 O-O 9. Nc3 Nd7 10. h3 f6 11. exf6 Bxf6 12. Bd3 Bxd3 13. Qxd3 dxc4 14. Qxc4 Re8 15. Ne4 Ndb6 16. Qc2 Nd6 17. Neg5 h6 18. Qh7+ Kf8 19. h4 Ke7 20. Ba3 Rh8 21. Qg6 hxg5 22. hxg5 Kd7 23. gxf6 gxf6 24. Qg7+ Qe7 25. Ne5+ fxe5 26. Qxe7+ Kxe7 27. dxe5 Nd5 28. Bxd6+ Kd7 29. g3 Rh5 30. Kg2 Rah8 31. Rh1 Rxh1 32. Rxh1 Rxh1 33. Kxh1 Nc3 34. a4 Ne4 35. Kg2 a5 36. g4 b5 37. f4 b4 38. g5 c5 39. g6 Ke8 40. Kf3 Nd2+ 41. Ke3 Nxb3 42. f5 exf5 43. e6 f4+ 44. Ke4 1-0

[Event "Eurasia Open Cup 2018"]
[Site "Jekaterienburg"]
[Date "2018.08.04"]
[Round "4"]
[White "Sorokin, Aleksey"]
[Black "Drygalov, Sergey"]
[Result "1/2-1/2"]
[ECO "D45"]
[WhiteElo "2519"]
[BlackElo "2433"]
[Annotator "ChessBase"]
[PlyCount "81"]
[EventDate "2018.08.01"]
[EventType "swiss"]
[EventCountry "RUS"]
[SourceTitle "playchess.com"]
[Source "ChessBase"]
[SourceQuality "1"]
[TimeControl "5400+30"]

1. d4 d5 2. c4 c6 3. Nf3 Nf6 4. Nc3 e6 5. e3 Nbd7 6. Qc2 Bd6 7. b3 O-O 8. Bb2 b6 9. Bd3 Bb7 10. O-O Qe7 11. cxd5 cxd5 12. Nb5 Rfc8 13. Qe2 Ne4 14. Rfc1 a6 15. Nxd6 Qxd6 16. Ne1 b5 17. f3 Nef6 18. Nc2 Qb6 19. Rab1 b4 20. a3 bxa3 21. Bxa3 a5 22. Be7 Re8 23. Ba3 Rec8 24. Ne1 Rxc1 25. Bxc1 Ne8 26. Qa2 Nd6 27. Ra1 Bc6 28. Ba3 Nb5 29. Qc2 h6 30. Bc5 Nxc5 31. Qxc5 Qb7 32. Rc1 Bd7 33. Qc2 Rc8 34. Qd2 Rxc1 35. Qxc1 Qc6 36. Qc2 Qxc2 37. Nxc2 Kf8 38. Kf1 Ke7 39. Ke1 Kd6 40. Kd2 Na7 41. Kc3 1/2-1/2

[Event "Eurasia Open Cup 2018"]
[Site "Jekaterienburg"]
[Date "2018.08.04"]
[Round "4"]
[White "Khanin, Semen"]
[Black "Fokin, Sergey"]
[Result "0-1"]
[ECO "B41"]
[WhiteElo "2494"]
[BlackElo "2186"]
[Annotator "ChessBase"]
[PlyCount "112"]
[EventDate "2018.08.01"]
[EventType "swiss"]
[EventCountry "RUS"]
[SourceTitle "playchess.com"]
[Source "ChessBase"]
[SourceQuality "1"]
[TimeControl "5400+30"]

1. e4 c5 2. Nf3 e6 3. d4 cxd4 4. Nxd4 a6 5. c4 Nf6 6. Nc3 Bb4 7. Qd3 Qc7 8. a3 Bxc3+ 9. Qxc3 Nxe4 10. Nb5 axb5 11. Qxg7 Rf8 12. Bh6 Qc5 13. f3 bxc4 14. fxe4 b5 15. Qxh7 Bb7 16. Be2 Nc6 17. Bxf8 Kxf8 18. Rf1 Ne5 19. Rd1 d6 20. Qh6+ Ke7 21. Qg5+ Ke8 22. Qd2 Ke7 23. Qd4 Qxd4 24. Rxd4 Nd7 25. Bf3 e5 26. Rd2 Nc5 27. Rdf2 f6 28. Kd2 Bxe4 29. Ke3 d5 30. Bxe4 Nxe4 31. Rf3 b4 32. axb4 Ra4 33. b3 cxb3 34. Rb1 Rxb4 35. Ke2 Nc5 36. Rc3 Kd6 37. Rf3 Ke6 38. Rc3 Rb5 39. h4 d4 40. Rh3 b2 41. Kd2 e4 42. h5 e3+ 43. Kc2 Kd5 44. h6 d3+ 45. Kd1 Ne4 46. Rxe3 Nc3+ 47. Ke1 Nxb1 48. Rxd3+ Kc4 49. h7 Nc3 50. Kd2 Ne4+ 51. Ke3 b1=Q 52. Rd4+ Kc5 53. h8=Q Rb3+ 54. Kf4 Kxd4 55. Qd8+ Kc3 56. Qa5+ Kb2 0-1

[Event "Eurasia Open Cup 2018"]
[Site "Jekaterienburg"]
[Date "2018.08.04"]
[Round "4"]
[White "Kopylov, Alexander A."]
[Black "Grachev, Alexey"]
[Result "1-0"]
[ECO "D12"]
[WhiteElo "2421"]
[BlackElo "2277"]
[Annotator "NA"]
[PlyCount "129"]
[EventDate "2018.08.01"]
[EventType "swiss"]
[EventCountry "RUS"]
[SourceTitle "playchess.com"]
[Source "ChessBase"]
[SourceQuality "1"]
[TimeControl "5400+30"]

1. d4 d5 2. c4 c6 3. Nf3 Nf6 4. e3 Bf5 5. Nc3 e6 6. Nh4 Be4 7. f3 Bg6 8. Qb3 Qc7 9. Bd2 Be7 10. Rc1 Nbd7 11. g3 Nb6 12. cxd5 $14 Nfxd5 13. Nxg6 hxg6 14. Ne2 a5 15. a3 a4 16. Qa2 e5 17. e4 Nf6 18. d5 Nbd7 19. dxc6 bxc6 20. Qc4 Nc5 21. Bb4 Nfd7 22. h4 Rd8 23. Qc3 Qd6 24. Rd1 Qe6 25. Bh3 f5 26. Qc2 Rf8 27. O-O Qb3 28. Qxb3 axb3 29. exf5 gxf5 30. Nc1 Rb8 31. Rfe1 Ne6 32. Bxe7 Kxe7 33. Re3 Nec5 34. Nd3 Nxd3 35. Rdxd3 g6 36. Rxb3 Rxb3 37. Rxb3 Nc5 38. Rb6 Kd6 39. b4 Nb3 40. a4 Kc7 41. a5 Nd2 42. Kf2 e4 43. fxe4 fxe4+ 44. Ke2 Nc4 45. Ra6 Rf3 46. Ra7+ Kb8 47. Re7 Rb3 48. Rxe4 Rxb4 49. a6 Rb2+ 50. Kd3 Nd6 51. Rg4 Rb3+ 52. Kc2 Re3 53. Rxg6 Ne4 54. h5 Rc3+ 55. Kb2 Rc5 56. h6 Rh5 57. Bf1 Rh1 58. Rg8+ Ka7 59. Rg7+ Kb8 60. h7 Rh2+ 61. Ka3 Nxg3 62. Bg2 Rh6 63. a7+ Ka8 64. h8=R+ Rxh8 65. Bxc6# 1-0

[Event "Eurasia Open Cup 2018"]
[Site "Jekaterienburg"]
[Date "2018.08.04"]
[Round "4"]
[White "Looshnikov, Nikolai"]
[Black "Maletina, Tatiana"]
[Result "0-1"]
[ECO "C01"]
[WhiteElo "2404"]
[BlackElo "2231"]
[Annotator "NA"]
[PlyCount "114"]
[EventDate "2018.08.01"]
[EventType "swiss"]
[EventCountry "RUS"]
[SourceTitle "playchess.com"]
[Source "ChessBase"]
[SourceQuality "1"]
[TimeControl "5400+30"]

1. e4 e6 2. d4 d5 3. Nc3 Bb4 4. exd5 exd5 5. Bd3 Nf6 6. Nge2 O-O 7. Bg5 Be7 8. Qd2 c6 9. O-O-O b5 10. Ng3 Be6 11. Rhe1 Nbd7 12. Bf5 b4 $14 (12... Ne8 $5 13. Bxe7 Qxe7 $11) 13. Nb1 Ne8 14. h4 Nc7 15. Bxe7 Qxe7 16. Qf4 Nf6 17. Bd3 Qd8 18. Re5 Qd6 19. Rde1 Ng4 20. Rf5 Qxf4+ 21. Rxf4 Nf6 22. Rf3 a5 23. a4 bxa3 24. Nxa3 Rfb8 25. c3 Rb6 26. Rfe3 Rab8 27. R3e2 Kf8 28. Nf5 g6 29. Ne3 Rb3 30. Nd1 Nce8 31. Bc2 R3b6 32. f3 Nd6 33. g4 h5 34. g5 Nfe8 35. Bxg6 Ng7 36. Bc2 Bf5 37. Rh2 R6b7 38. Re5 Bxc2 39. Kxc2 Ne6 40. Re1 Nf4 41. Kd2 Rxb2+ 42. Nxb2 Rxb2+ 43. Ke3 Rxh2 44. Kxf4 Ra2 45. Nb1 a4 46. c4 Nxc4 47. Nc3 Ra3 48. Rc1 Kg7 49. Kf5 Rb3 50. f4 a3 51. g6 fxg6+ 52. Ke6 Nd2 53. f5 gxf5 54. Rg1+ Kh7 55. Kf7 Rb7+ 56. Kf8 Ne4 57. Ne2 Nd6 0-1

[Event "Eurasia Open Cup 2018"]
[Site "Jekaterienburg"]
[Date "2018.08.04"]
[Round "4"]
[White "Ivanov, Andrew"]
[Black "Lysenko, Margarita"]
[Result "1/2-1/2"]
[ECO "D78"]
[WhiteElo "2398"]
[BlackElo "2215"]
[Annotator "NA"]
[PlyCount "80"]
[EventDate "2018.08.01"]
[EventType "swiss"]
[EventCountry "RUS"]
[SourceTitle "playchess.com"]
[Source "ChessBase"]
[SourceQuality "1"]
[TimeControl "5400+30"]

1. d4 Nf6 2. c4 g6 3. g3 Bg7 4. Bg2 O-O 5. Nf3 c6 6. O-O d5 7. b3 b6 8. Nc3 Bb7 9. Bb2 Nbd7 10. Rc1 e6 11. Qc2 Qe7 $11 12. Nd2 Rfd8 13. Rfd1 Rac8 14. e4 dxe4 15. Ndxe4 Nxe4 16. Nxe4 Nf6 17. Nxf6+ Bxf6 18. c5 Rd7 19. Rd2 Rcd8 20. cxb6 axb6 21. Rcd1 h5 22. h4 Bg7 23. Be4 Kh7 24. Qc4 f5 25. Bf3 e5 26. Bxc6 Bxc6 27. Qxc6 exd4 28. Qf3 Qe4 29. Kg2 b5 30. a3 Rd6 31. Rd3 R8d7 32. R1d2 Rd5 33. Re2 Qxf3+ 34. Kxf3 Rc7 35. Red2 Rcd7 36. Rc2 Re7 37. Rcd2 Red7 38. Rc2 Re7 39. Rcd2 Red7 40. Rc2 Re7 1/2-1/2

[Event "Eurasia Open Cup 2018"]
[Site "Jekaterienburg"]
[Date "2018.08.04"]
[Round "4"]
[White "Tomilova, Elena"]
[Black "Matsenko, Sergei"]
[Result "0-1"]
[ECO "A47"]
[WhiteElo "2332"]
[BlackElo "2533"]
[Annotator "ChessBase"]
[PlyCount "116"]
[EventDate "2018.08.01"]
[EventType "swiss"]
[EventCountry "RUS"]
[SourceTitle "playchess.com"]
[Source "ChessBase"]
[SourceQuality "1"]
[TimeControl "5400+30"]

1. d4 e6 2. Nf3 Nf6 3. Bf4 b6 4. e3 Bb7 5. h3 Bd6 6. Bxd6 cxd6 7. Nbd2 O-O 8. c3 d5 9. Bd3 d6 10. O-O Nbd7 11. Rc1 e5 12. Bb1 Re8 13. Re1 Rc8 14. Nh2 h5 15. Qf3 g6 16. Qg3 Ne4 17. Nxe4 dxe4 18. f4 Qf6 19. fxe5 dxe5 20. Rf1 Qe6 21. Rcd1 Kg7 22. Rf2 f5 23. Rfd2 Nf6 24. dxe5 Nd5 25. Nf1 Qxe5 26. Qg5 Rc7 27. Ng3 Kf7 28. h4 Nf6 29. Bc2 Ba6 30. Bb3+ Bc4 31. Bxc4+ Rxc4 32. Ne2 Rc6 33. Nf4 Ng4 34. Rd7+ Re7 35. R1d5 Qf6 36. Nh3 Rxd7 37. Rxd7+ Ke8 38. Rd4 Qxg5 39. Nxg5 Ke7 40. Nh3 Nxe3 41. Nf4 Ng4 42. Kf1 Ne5 43. Rd5 Nc4 44. Rb5 Rd6 45. Ke1 Kd7 46. b3 Na3 47. Re5 Nb1 48. Ne2 Rd3 49. c4 Nc3 50. Nf4 Rd1+ 51. Kf2 Rd6 52. a4 a5 53. Ke3 Kc6 54. Ne6 Rd3+ 55. Kf4 Kd6 56. c5+ bxc5 57. Nxc5 Ne2+ 58. Kg5 Kxe5 0-1

[Event "Eurasia Open Cup 2018"]
[Site "Jekaterienburg"]
[Date "2018.08.04"]
[Round "4"]
[White "Tsybikov, Tumen"]
[Black "Makhmutov, Rail"]
[Result "1-0"]
[ECO "B12"]
[WhiteElo "2272"]
[BlackElo "2416"]
[Annotator "NA"]
[PlyCount "53"]
[EventDate "2018.08.01"]
[EventType "swiss"]
[EventCountry "RUS"]
[SourceTitle "playchess.com"]
[Source "ChessBase"]
[SourceQuality "1"]
[TimeControl "5400+30"]

1. e4 c6 2. d4 d5 3. e5 c5 4. dxc5 e6 5. Nf3 Bxc5 6. Bd3 Nc6 7. O-O f6 8. Bf4 fxe5 9. Nxe5 Nf6 10. Nd2 O-O 11. Bg3 Bd4 12. Nxc6 bxc6 13. c3 Bb6 14. Nf3 Nh5 15. Qc2 Nf6 (15... Nxg3 $11 16. Bxh7+ (16. hxg3 g6 $11) 16... Kh8 17. hxg3 Ba6) 16. Bh4 Qc7 17. Rae1 $16 (17. Rab1 ) (17. c4 $142) 17... Qf7 18. Bg3 Qe7 19. Ne5 c5 20. c4 Bb7 21. Re3 d4 22. Bh4 Qd6 23. Bxf6 Rxf6 24. Bxh7+ Kf8 25. Re2 Bc7 26. f4 Ke7 27. Be4 1-0

[Event "Eurasia Open Cup 2018"]
[Site "Jekaterienburg"]
[Date "2018.08.04"]
[Round "4"]
[White "Saunina, Ludmila"]
[Black "Faizrakhmanov, Ramil"]
[Result "1/2-1/2"]
[ECO "A48"]
[WhiteElo "2214"]
[BlackElo "2407"]
[Annotator "NA"]
[PlyCount "87"]
[EventDate "2018.08.01"]
[EventType "swiss"]
[EventCountry "RUS"]
[SourceTitle "playchess.com"]
[Source "ChessBase"]
[SourceQuality "1"]
[TimeControl "5400+30"]

1. Nf3 Nf6 2. e3 g6 3. d4 Bg7 4. Be2 O-O 5. O-O d6 6. b3 Nbd7 7. Bb2 e5 8. dxe5 {[%emt 0:02:14] A48: 1 d4 Nf6 2 Nf3 g6: Torre, London and Colle Systems} Ng4 9. Nbd2 Ngxe5 10. Qc1 Re8 11. Nc4 Nxc4 12. Bxc4 Ne5 13. Nxe5 $146 ({Predecessor:} 13. Be2 Bg4 14. Nxe5 Bxe2 15. Re1 Bxe5 16. Rxe2 {0-1 (59) Molina,R (2353)-Marra,E (2290) Santos 2007}) 13... Bxe5 14. Bxe5 Rxe5 15. f4 Re8 16. Bd3 Bd7 17. e4 Qf6 18. Qe3 Re7 19. Rae1 b6 20. Qg3 Rae8 21. Re2 $11 Qd4+ 22. Qf2 Qc5 23. Qxc5 bxc5 24. Rfe1 f6 25. Kf2 Bc6 26. Re3 Kf8 27. h4 a5 28. a4 c4 29. Bxc4 Bxe4 30. Rc3 f5 31. Bb5 c6 32. Bd3 Bxd3 33. Rxe7 Kxe7 34. Rxd3 Kd7 35. Re3 Rb8 36. Rh3 Rb4 37. g3 h5 38. Rh1 c5 39. Rd1 Kc6 40. Re1 Kd7 41. Rd1 Re4 42. Rd3 Rb4 43. c4 Rb8 44. Ke1 1/2-1/2

[Event "Eurasia Open Cup 2018"]
[Site "Jekaterienburg"]
[Date "2018.08.04"]
[Round "4"]
[White "Pastukhov, Leonid"]
[Black "Kardashevskiy, Evgeny"]
[Result "1-0"]
[ECO "B92"]
[WhiteElo "2166"]
[BlackElo "2387"]
[Annotator "NA"]
[PlyCount "69"]
[EventDate "2018.08.01"]
[EventType "swiss"]
[EventCountry "RUS"]
[SourceTitle "playchess.com"]
[Source "ChessBase"]
[SourceQuality "1"]
[TimeControl "5400+30"]

1. e4 c5 2. Nf3 d6 3. d4 cxd4 4. Nxd4 Nf6 5. Nc3 a6 6. Be2 e5 7. Nb3 Be7 8. Be3 O-O 9. g4 Be6 10. g5 Nfd7 11. h4 Nc6 12. Qd2 Rc8 13. h5 Nd4 14. h6 Nxb3 (14... Nxe2 $11 15. hxg7 {[#]} Nxc3 $1 16. gxf8=R+ Nxf8 17. bxc3 Qc7 $11) 15. axb3 g6 16. Rg1 $11 f6 17. gxf6 Nxf6 18. O-O-O b5 19. Kb1 b4 20. Nd5 Nxe4 21. Qxb4 Nc5 22. Bc4 a5 23. Qd2 Kh8 24. Nxe7 Qxe7 25. Qxd6 Qxd6 26. Rxd6 Bxc4 27. bxc4 Ne4 28. Rd5 Rxc4 29. Rxe5 a4 30. Rd1 Rb8 31. Rd4 Nc3+ 32. Ka1 a3 33. bxc3 Rxc3 34. Rb4 Rd8 35. Bd4 1-0